 Dungeon Crawl Stone Soup version 0.25.1-9-gc5326a611f (webtiles) character file.

Game seed: 6409132175059073213

299 raceaflais the Firebug (level 6, -5/47 HPs)
             Began as a Draconian Fire Elementalist on Dec 29, 2020.
             Slain by Edmund
             ... wielding a +2 dire flail of protection
              (12 damage)
             ... on level 4 of the Dungeon.
             The game lasted 00:22:57 (4236 turns).

raceaflais the Firebug (DrFE)                       Turns: 4236, Time: 00:22:57

Health: -5/47      AC:  7    Str: 10    XL:     6   Next: 13%
Magic:  2/10       EV: 13    Int: 18    God:
Gold:   122        SH:  6    Dex: 11    Spells: 10/11 levels left

rFire    . . .     SeeInvis .   a - +0 spear
rCold    . . .     Gourm    .   A - +0 kite shield
rNeg     . . .     Faith    .   (armour unavailable)
rPois    .         Spirit   .   (helmet restricted)
rElec    .         Reflect  .   (no cloak)
rCorr    .         Harm     .   z - +0 pair of gloves
MR       .....                  (no boots)
Stlth    ++........             (no amulet)
HPRegen  0.15/turn              x - +4 ring of evasion
MPRegen  0.12/turn              (no ring)

@: very slightly contaminated
A: unfitting armour, cold-blooded, AC +6
a: no special abilities


You were on level 4 of the Dungeon.
You were not hungry.

You visited 1 branch of the dungeon, and saw 4 of its levels.

You collected 122 gold pieces.

Inventory:

Hand Weapons
 a - a +0 spear (weapon)
 e - a +0 hunting sling
 f - a +0 hand axe
 r - a +0 glaive
 t - a +0 scythe
 w - a +0 hunting sling
 B - a +0 falchion
Missiles
 c - 43 stones (quivered)
 d - 2 atropa-tipped darts
 h - 4 boomerangs
 j - 47 arrows
 n - 21 bolts
 y - 10 poisoned darts
Armour
 g - a +0 buckler
 i - a +0 buckler
 k - a +0 chain mail
 l - a cursed +0 ring mail
 m - a cursed -1 robe
 p - a +0 leather armour
 v - a +2 leather armour of fire resistance
 z - a +0 pair of gloves (worn)
 A - a +0 kite shield (worn)
Jewellery
 x - a +4 ring of evasion (left hand)
Wands
 q - a wand of digging (5)
 C - a wand of random effects (6)
Scrolls
 o - 2 scrolls of remove curse
 s - 2 scrolls of magic mapping
 u - 2 scrolls of identify
Comestibles
 b - 8 rations


   Skills:
 + Level 1.2 Fighting
 + Level 1.9 Polearms
 + Level 2.6 Dodging
 + Level 2.2 Stealth
 + Level 0.1 Shields
 + Level 3.2 Spellcasting
 + Level 2.5 Conjurations
 + Level 4.2 Fire Magic


You had 10 spell levels left.
You knew the following spells:

 Your Spells              Type           Power        Failure   Level  Hunger
a - Foxfire               Conj/Fire      ###.         26%         1    None

Your spell library contained the following spells:

 Spells                   Type           Power        Failure   Level  Hunger
 Conjure Flame            Conj/Fire      ###.....     63%         3    ###....
 Inner Flame              Hex/Fire       ##......     80%         3    ###....
 Sticky Flame             Conj/Fire      ###.....     95%         4    ####...
 Fireball                 Conj/Fire      ###.......   100%        5    ######.


Dungeon Overview and Level Annotations

Branches:
Dungeon (4/15)
 Temple: D:4-7

Altars:
Fedhas
Nemelex Xobeh
Wu Jian

Annotations:
D:4 Edmund


Innate Abilities, Weirdness & Mutations

Your plain brown scales are hard. (AC +6)
You cannot fit into any form of body armour.
You are cold-blooded and may be slowed by cold attacks.


Message History

Edmund hits you with a +2 dire flail of protection!
* * * LOW HITPOINT WARNING * * *
The worm barely misses you.
Aiming: Random Effects
Press: ? - help, Shift-Dir - straight line, f - Edmund
Aim: Edmund, wielding a +2 dire flail of protection and wearing a +0 chain mail (lightly wounded) Edmund looks slightly unstable.
Edmund misses you.
Found a ration.
Edmund disappears!
Edmund reappears nearby!
Edmund barely misses you.
Your shield prevents you from hitting Edmund.
Edmund is lightly wounded.
Edmund hits you with a +2 dire flail of protection!
* * * LOW HITPOINT WARNING * * *
Edmund hits you but does no damage. The worm bites you but does no damage.
Casting: Foxfire (safe; 26% risk of failure)
Confirm with . or Enter, or press ? or * to list all spells.
You conjure some foxfire!
Edmund hits you with a +2 dire flail of protection!
You die...

.........# #........
.........####.......
...........#.....#
#................#
#.......##......##
###..................# .
#.......#..........#....#
..#......
##w@........#...# .......
##.@.......## ### .......
#.vv.....### .......
##....†....#
.......###...#.....##
.................###
.?......#...###.##
.......###.## ### .......
### ####...


You could see Edmund and a worm.

Vanquished Creatures
  Sigmund (D:2)
  A centaur skeleton (D:4)
  Jessica (D:2)
  4 adders
  An ooze (D:3)
  A leopard gecko (D:1)
  3 orcs (D:3)
  6 bats
  5 giant cockroaches
  6 goblins
  4 hobgoblins
  4 jackals (D:1)
  A quokka (D:4)
  3 ball pythons (D:3)
  6 frilled lizards
  6 kobolds
  3 rats
56 creatures vanquished.

Vanquished Creatures (others)
  118 foxfires
118 creatures vanquished.

Grand Total: 174 creatures vanquished

Notes
Turn   | Place    | Note
-------+----------+-------------------------------------------
     0 | D:1      | raceaflais the Draconian Fire Elementalist began the quest
                  | for the Orb.
     0 | D:1      | Reached XP level 1. HP: 14/14 MP: 3/3
   251 | D:1      | Reached XP level 2. HP: 14/20 MP: 1/5
  1001 | D:1      | Reached XP level 3. HP: 25/26 MP: 3/6
  1533 | D:2      | Noticed Sigmund
  1542 | D:2      | Killed Sigmund
  1542 | D:2      | Reached skill level 1 in Fighting
  1542 | D:2      | Reached skill level 1 in Polearms
  1542 | D:2      | Reached XP level 4. HP: 28/35 MP: 1/8
  1542 | D:2      | Reached XP level 5. HP: 32/40 MP: 1/9
  1552 | D:2      | Noticed Jessica
  1572 | D:2      | Killed Jessica
  1572 | D:2      | Reached skill level 4 in Fire Magic
  2138 | D:2      | Found a sparkling altar of Nemelex Xobeh.
  2760 | D:3      | Found an ornate altar of the Wu Jian Council.
  3232 | D:3      | Found a blossoming altar of Fedhas.
  3677 | D:3      | Reached XP level 6. HP: 47/47 MP: 8/10
  4190 | D:4      | Noticed Edmund
  4236 | D:4      | Slain by Edmund

Illustrated notes

Levels and vault maps discovered:
D:1:      nicolae_arrival_somewhat_less_tricky_arrival, layout_basic
D:2:      layout_basic, lemuel_round_altar, uniq_jessica, uniq_sigmund
D:3:      layout_loops_corners, lemuel_doored_altar, fedhas_ov_isle_minmay
D:4:      layout_cave_pools, first_ration, uniq_robin, uniq_menkaure,
          uniq_grinder, uniq_edmund

Skill      XL: |  1  2  3  4  5 |
---------------+----------------+-----
Dodging        | 2 |  2.6
Fighting       | 1 |  1.2
Polearms       | 1 |  1.9
Stealth        | 2 |  2.2
Conjurations   | 2 |  2.5
Fire Magic     | 4 |  4.2
Spellcasting   | 3 |  3.2
Shields        | |  0.1

Action                   |  1- 3 |  4- 6 || total
-------------------------+-------+-------++-------
Melee: Spear             |    58 |    40 ||    98
       Tailslap          |     3 |     4 ||     7
 Cast: Foxfire           |    31 |    55 ||    86
Evoke: Wand              |       |     1 ||     1
  Use: Scroll            |     2 |     2 ||     4
       Potion            |     1 |     4 ||     5
  Eat: Chunk             |     2 |     5 ||     7
       Ration            |       |     1 ||     1
Armor: Skin              |    32 |    13 ||    45
Dodge: Dodged            |    56 |    32 ||    88
Block: Kite shield       |       |    15 ||    15
